[Event "ICC tourney 3138 (40 10)"]
[Site "Internet Chess Club"]
[Date "2023.03.04"]
[Round "1"]
[White "STINSON, RUSSELL:rcstinson"]
[Black "John Francis Kennedy, Kevin Andrew:KevinAndrewJFK"]
[Result "1-0"]
[ICCResult "Black checkmated"]
[WhiteElo "1362"]
[BlackElo "970"]
[Opening "Nimzovich-Larsen attack: modern variation"]
[ECO "A01"]
[NIC "VO.08"]
[Time "11:01:47"]
[PlyCount "65"]
[TimeControl "2400+10"]

1. b3 e5 2. Bb2 Nc6 3. e3 d5 4. Bb5 Bd6 5. f4 exf4 6. Bxg7 Qh4+ 7. Kf1 Bg4
8. Nf3 Bxf3 9. Qxf3 fxe3 10. Qxe3+ Ne7 11. Bxc6+ bxc6 12. Bxh8 Qh5 13. Nc3
Qf5+ 14. Ke2 Qg4+ 15. Qf3 Qe6+ 16. Kf2 Bc5+ 17. d4 Bb6 18. Rhe1 Qd6 19. Be5
Qg6 20. Kg1 O-O-O 21. Qf6 Qg4 22. h3 Qg6 23. Qxe7 Rg8 24. Re2 Ba5 25. b4 Bb6
26. Na4 Bxd4+ 27. Bxd4 Qh5 28. Be5 Qxe5 29. Rxe5 Rd8 30. Nc5 d4 31. Rae1 d3
32. Qxd8+ Kxd8 33. Re8# {Black checkmated} 1-0

[Event "ICC tourney 3138 (40 10)"]
[Site "Internet Chess Club"]
[Date "2023.03.04"]
[Round "1"]
[White "Yan, Rayna:K01-30157975"]
[Black "Ledas, Armandas:ArmandasLedas"]
[Result "0-1"]
[ICCResult "White checkmated"]
[WhiteElo "1032"]
[BlackElo "1479"]
[Opening "French: Steinitz variation"]
[ECO "C11"]
[NIC "FR.04"]
[Time "11:00:07"]
[PlyCount "50"]
[TimeControl "2400+10"]

1. e4 e6 2. d4 d5 3. Nc3 Nf6 4. e5 Ng8 5. f4 c5 6. Nf3 Nc6 7. Bb5 Nh6 8. Be3
Nf5 9. Bf2 Qb6 10. Bxc6+ bxc6 11. Rb1 cxd4 12. Bxd4 c5 13. Bf2 d4 14. Ne4
Bb7 15. Ned2 Rd8 16. Nc4 Qb4+ 17. Ncd2 Ne3 18. Qc1 Ba6 19. c3 Qb5 20. c4 Qa5
21. b4 cxb4 22. Nb3 Qxa2 23. Nfxd4 Bxc4 24. Ra1 Nxg2+ 25. Kd1 Qe2#
{White checkmated}
0-1

[Event "ICC tourney 3138 (40 10)"]
[Site "Internet Chess Club"]
[Date "2023.03.04"]
[Round "1"]
[White "Bolme, Thomas Bradley:ThomasBradley75"]
[Black "STONE, GILBERT L:tightfist"]
[Result "0-1"]
[ICCResult "White checkmated"]
[WhiteElo "632"]
[BlackElo "1200"]
[Opening "Queen's pawn: London system"]
[ECO "A45"]
[NIC "QP.07"]
[Time "11:00:19"]
[PlyCount "50"]
[TimeControl "2400+10"]

1. d4 Nf6 2. Bf4 d6 3. e3 e6 4. Bc4 Be7 5. Nf3 O-O 6. Nbd2 Nc6 7. c3 Na5 8.
Bd3 Bd7 9. Qc2 a6 10. Ng5 h6 11. Bh7+ Kh8 12. Nxf7+ Rxf7 13. Qg6 Qf8 14. Nf3
Nxh7 15. Ng5 Bxg5 16. Bxg5 Nxg5 17. h4 Rf6 18. Qh5 Be8 19. Qg4 Nh7 20. h5
Nc6 21. O-O-O Rxf2 22. Qxe6 Qf5 23. Qb3 Na5 24. Rhf1 Nxb3+ 25. axb3 Qc2#
{White checkmated}
0-1

[Event "ICC tourney 3138 (40 10)"]
[Site "Internet Chess Club"]
[Date "2023.03.04"]
[Round "1"]
[White "Wagner, Joe:Jwagner354"]
[Black "Jani, Parv:parvjani17"]
[Result "0-1"]
[ICCResult "White resigns"]
[WhiteElo "926"]
[BlackElo "1339"]
[Opening "Modern defense"]
[ECO "A40"]
[NIC "KI.79"]
[Time "11:00:09"]
[PlyCount "56"]
[TimeControl "2400+10"]

1. d4 g6 2. g3 Bg7 3. Bg2 Nf6 4. c4 d6 5. Nf3 O-O 6. O-O Nc6 7. d5 Nb8 8.
Nc3 a5 9. a4 Na6 10. Bg5 h6 11. Bxf6 Bxf6 12. Ne4 Bxb2 13. Rb1 Bg7 14. Qd2
Bd7 15. Qxa5 Nc5 16. Qd2 Nxe4 17. Qe3 Nc5 18. h4 Rxa4 19. Qc1 Bf5 20. Rb5 c6
21. dxc6 bxc6 22. g4 Be4 23. g5 h5 24. Rb1 Bxb1 25. Qxb1 Rxc4 26. Nd2 Rxh4
27. e4 Qc8 28. f3 Bd4+ {White resigns} 0-1

[Event "ICC tourney 3138 (40 10)"]
[Site "Internet Chess Club"]
[Date "2023.03.04"]
[Round "1"]
[White "KANTEM, SAMANVI:samanvikantem"]
[Black "ANGEL, BORYS:BArkadia"]
[Result "0-1"]
[ICCResult "White checkmated"]
[WhiteElo "1019"]
[BlackElo "1399"]
[Opening "Giuoco Pianissimo: Italian four knights variation"]
[ECO "C47"]
[NIC "KP.06"]
[Time "11:00:33"]
[PlyCount "80"]
[TimeControl "2400+10"]

1. e4 e5 2. Nf3 Nc6 3. Nc3 Nf6 4. Bc4 Bc5 5. d3 h6 6. O-O d6 7. Be3 Bg4 8.
h3 Bh5 9. a3 a5 10. b3 Nd4 11. Bxd4 Bxd4 12. Qd2 Bxf3 13. gxf3 c6 14. Rad1
Nh5 15. Ne2 b5 16. c3 Bb6 17. Bxf7+ Kxf7 18. Kg2 Qh4 19. d4 exd4 20. cxd4
Rhf8 21. d5 c5 22. e5 Kg8 23. exd6 Rad8 24. Rc1 Rxd6 25. a4 Rg6+ 26. Kh2
Bc7+ 27. d6 Bxd6+ 28. Qxd6 Rxd6 29. Rc3 Nf4 30. Nxf4 Qxf4+ 31. Kh1 Rd2 32.
Re3 Qh4 33. Kg1 Rf6 34. Re4 Qxh3 35. Rg4 Rxf3 36. Rg2 Rf5 37. Re1 Rh5 38.
Kf1 Rg5 39. Re2 Qh1+ 40. Rg1 Rxg1# {White checkmated} 0-1

[Event "ICC tourney 3138 (40 10)"]
[Site "Internet Chess Club"]
[Date "2023.03.04"]
[Round "1"]
[White "SIMO, AARON L:WhereBklnAt"]
[Black "GARROW, JOSHUA:jgarrow4924"]
[Result "0-1"]
[ICCResult "White checkmated"]
[WhiteElo "1496"]
[BlackElo "1079"]
[Opening "Sicilian: Smith-Morra gambit"]
[ECO "B21"]
[NIC "SI.48"]
[Time "11:00:08"]
[PlyCount "104"]
[TimeControl "2400+10"]

1. e4 c5 2. d4 cxd4 3. c3 dxc3 4. Nxc3 Nc6 5. Nf3 e6 6. Bc4 Bb4 7. O-O Nge7
8. Bg5 f6 9. Be3 Bxc3 10. bxc3 d5 11. exd5 exd5 12. Bb5 O-O 13. Re1 Bg4 14.
h3 Bh5 15. g4 Bf7 16. Ba4 Qc7 17. Bb3 Na5 18. Bd4 Nxb3 19. axb3 Nc6 20. Bc5
Rfe8 21. Rxe8+ Rxe8 22. Nd4 Nxd4 23. Bxd4 a6 24. Qd2 Re4 25. Be3 d4 26. Bxd4
Bxb3 27. Qd3 Re6 28. Rb1 Bc4 29. Qf5 b5 30. Qf3 a5 31. Qa8+ Kf7 32. Qh8 Bd3
33. Rd1 Re8 34. Qxe8+ Kxe8 35. Rxd3 Qc4 36. Re3+ Kf7 37. Bb6 a4 38. Ba5 a3
39. Bb4 a2 40. Re1 Qb3 41. Re7+ Kg6 42. Ra7 Qb1+ 43. Kg2 a1=Q 44. Rxa1 Qxa1
45. Kg3 Qd1 46. Kg2 f5 47. gxf5+ Kxf5 48. Kg3 h5 49. h4 Qg4+ 50. Kh2 Kf4 51.
Bd6+ Kf3 52. Bc5 Qg2# {White checkmated} 0-1

[Event "ICC tourney 3138 (40 10)"]
[Site "Internet Chess Club"]
[Date "2023.03.04"]
[Round "1"]
[White "ASKEW, GEORGE:BlueStorm"]
[Black "JAIN, ISHAAN:ishaanj"]
[Result "1-0"]
[ICCResult "Black resigns"]
[WhiteElo "1322"]
[BlackElo "903"]
[Opening "Queen's pawn"]
[ECO "A40"]
[NIC "QO.17"]
[Time "11:00:11"]
[PlyCount "55"]
[TimeControl "2400+10"]

1. d4 e6 2. Bf4 d5 3. e3 Nf6 4. Bd3 c5 5. c3 Qb6 6. b3 Nc6 7. Nf3 Bd7 8. O-O
cxd4 9. exd4 Be7 10. Ne5 O-O 11. Bg5 Qc7 12. f4 Ne4 13. Bxe7 Nxe7 14. Bxe4
dxe4 15. c4 Nf5 16. Re1 f6 17. Nxd7 Qxd7 18. Rxe4 Rfd8 19. d5 exd5 20. cxd5
Qxd5 21. Re8+ Kf7 22. Qxd5+ Rxd5 23. Rxa8 Rd1+ 24. Kf2 Nd4 25. Rc8 Ke6 26.
Rc4 Kd5 27. Nc3+ Kd6 28. Rxd1 {Black resigns} 1-0

[Event "ICC tourney 3138 (40 10)"]
[Site "Internet Chess Club"]
[Date "2023.03.04"]
[Round "1"]
[White "GAW, ZACHARY:zman-g"]
[Black "Krishnan, Ashvath:ashvathk5"]
[Result "0-1"]
[ICCResult "White checkmated"]
[WhiteElo "972"]
[BlackElo "1393"]
[Opening "Two knights defense (Modern bishop's opening)"]
[ECO "C55"]
[NIC "IG.01"]
[Time "11:00:04"]
[PlyCount "76"]
[TimeControl "2400+10"]

1. e4 e5 2. Nf3 Nc6 3. Bc4 Nf6 4. d3 h6 5. Nc3 d6 6. h3 Na5 7. Bb3 Nxb3 8.
axb3 Be7 9. Be3 a6 10. O-O O-O 11. Qd2 Re8 12. Rfe1 c5 13. Rad1 Be6 14. Ne2
Qd7 15. Kh2 a5 16. Ra1 a4 17. bxa4 Rxa4 18. Nc3 Raa8 19. b3 Bf8 20. Ra2 Rxa2
21. Nxa2 Ra8 22. Nc3 Qe7 23. Rb1 g5 24. Qc1 g4 25. Ng1 gxh3 26. Nxh3 Ng4+
27. Kh1 Qh4 28. Kg1 Nf6 29. Kh2 Kh7 30. Nb5 Bd7 31. Nc3 Be7 32. Qh1 Rg8 33.
Ne2 Bxh3 34. gxh3 Ng4+ 35. Kg1 Nxe3+ 36. Ng3 Rxg3+ 37. fxg3 Qxg3+ 38. Qg2
Qxg2# {White checkmated} 0-1

[Event "ICC tourney 3138 (40 10)"]
[Site "Internet Chess Club"]
[Date "2023.03.04"]
[Round "1"]
[White "ENGTRO, GEIR:Gengeng"]
[Black "DIXIT, RAAJAS KUNAL:raadix028"]
[Result "0-1"]
[ICCResult "White checkmated"]
[WhiteElo "894"]
[BlackElo "1265"]
[Opening "King's Indian defense, 3.Nc3"]
[ECO "E61"]
[NIC "KI.80"]
[Time "11:00:09"]
[PlyCount "150"]
[TimeControl "2400+10"]

1. d4 Nf6 2. c4 g6 3. Nc3 Bg7 4. Nf3 O-O 5. Bg5 d6 6. e3 Nbd7 7. Be2 c5 8.
O-O Rb8 9. Re1 a6 10. b3 Re8 11. d5 h6 12. Bh4 g5 13. Nxg5 hxg5 14. Bxg5 Nh7
15. Bh4 Bxc3 16. Qc2 Bf6 17. Bg3 Ndf8 18. Rad1 b5 19. Bd3 bxc4 20. bxc4 Rb2
21. Qc1 Qa5 22. e4 Bd4 23. e5 Bg4 24. Bxh7+ Nxh7 25. Rd3 Qxa2 26. Rf1 Be2
27. Rxd4 cxd4 28. Re1 Bh5 29. exd6 Re2 30. Rf1 exd6 31. h3 Qc2 32. Qxc2 Rxc2
33. Bxd6 Rxc4 34. g4 Bg6 35. f4 Rd8 36. Be7 Rd7 37. Bh4 f5 38. Rd1 Rxd5 39.
Kf2 d3 40. Ke3 Re4+ 41. Kf3 d2 42. Bf2 Rd3+ 43. Kg2 Re2 44. Kf1 Rxf2+ 45.
Kxf2 fxg4 46. hxg4 a5 47. Ke2 Rd8 48. Rxd2 Ra8 49. Ra2 a4 50. Kd2 Bf7 51.
Ra3 Bb3 52. Kc3 Nf6 53. g5 Nd5+ 54. Kb2 Nxf4 55. Rxb3 axb3 56. Kxb3 Kg7 57.
Kc4 Kg6 58. Kd4 Kxg5 59. Ke4 Nh5 60. Kf3 Ra4 61. Ke3 Kf5 62. Kd3 Ke5 63. Ke3
Ra3+ 64. Kd2 Ke4 65. Kc2 Kd4 66. Kb2 Rh3 67. Kc2 Nf6 68. Kb2 Kc4 69. Kc2
Rh2+ 70. Kd1 Kd3 71. Ke1 Ra2 72. Kf1 Ke3 73. Kg1 Kf3 74. Kh1 Kg3 75. Kg1
Ra1# {White checkmated} 0-1

[Event "ICC tourney 3138 (40 10)"]
[Site "Internet Chess Club"]
[Date "2023.03.04"]
[Round "1"]
[White "VUYYURU, SHRIYAN:loudcertainlava"]
[Black "BLACK, JACOB L:YashaLB"]
[Result "1-0"]
[ICCResult "Black resigns"]
[WhiteElo "1421"]
[BlackElo "1019"]
[Opening "Queen's gambit declined"]
[ECO "D30"]
[NIC "QP.08"]
[Time "11:00:09"]
[PlyCount "109"]
[TimeControl "2400+10"]

1. d4 d5 2. c4 e6 3. e3 c5 4. Nf3 Nf6 5. Nc3 Nc6 6. Be2 Be7 7. O-O O-O 8. a3
a5 9. Re1 Re8 10. h3 h6 11. b3 cxd4 12. Nxd4 Nxd4 13. exd4 b6 14. Bb2 Ba6
15. Rc1 dxc4 16. Bxc4 Bxc4 17. bxc4 Rc8 18. Nb5 Rc6 19. Qf3 Qd7 20. Red1
Rec8 21. Qd3 Ne8 22. a4 Nd6 23. Nxd6 Qxd6 24. Qe2 Qb4 25. d5 exd5 26. Rxd5
Rxc4 27. Rxc4 Qxc4 28. Qd1 Qc2 29. Qa1 Bc5 30. Bxg7 Bxf2+ 31. Kh2 Bg3+ 32.
Kxg3 Qg6+ 33. Kh2 Qxg7 34. Qd1 Rb8 35. Rd3 Qe5+ 36. Rg3+ Kh8 37. Qg4 h5 38.
Qg5 Qxg5 39. Rxg5 Kh7 40. Rxh5+ Kg6 41. Rb5 Kf6 42. h4 Kg6 43. Kg3 f6 44.
Kf4 Rc8 45. h5+ Kh6 46. g4 Rc4+ 47. Kf5 Rc5+ 48. Rxc5 bxc5 49. Ke4 Kg5 50.
Kd5 Kxg4 51. h6 f5 52. h7 f4 53. h8=Q f3 54. Qh1 Kg3 55. Qf1 {Black resigns}
1-0

[Event "ICC tourney 3138 (40 10)"]
[Site "Internet Chess Club"]
[Date "2023.03.04"]
[Round "1"]
[White "Schwartz, Douglas S:Douglas1"]
[Black "GAW, CHRISTIAN:cman-g"]
[Result "1-0"]
[ICCResult "Black checkmated"]
[WhiteElo "1397"]
[BlackElo "992"]
[Opening "Giuoco Piano"]
[ECO "C50"]
[NIC "IG.02"]
[Time "11:00:10"]
[PlyCount "93"]
[TimeControl "2400+10"]

1. e4 e5 2. Nf3 Nc6 3. Bc4 Bc5 4. O-O Nf6 5. d3 h6 6. a4 O-O 7. c3 a5 8. h3
d6 9. Re1 Be6 10. Nbd2 Bxc4 11. Nxc4 Ra6 12. Be3 Bxe3 13. Nxe3 Re8 14. Nf5
Ne7 15. N3h4 Nxf5 16. Nxf5 Kh7 17. Qd2 Rb6 18. b4 axb4 19. cxb4 c5 20. b5 d5
21. Qa2 Ree6 22. Ne3 dxe4 23. dxe4 Nxe4 24. Nc4 Nc3 25. Qc2+ Rg6 26. Qxc3
Qd5 27. Ne3 Qe4 28. Qxc5 Rbf6 29. Ng4 Qf4 30. Nxf6+ Rxf6 31. Qe3 Qf5 32. Qe4
Qxe4 33. Rxe4 Re6 34. a5 Re8 35. a6 b6 36. a7 Ra8 37. Rxe5 Kg6 38. Re7 Kf6
39. Rb7 Ke5 40. Rb8 Rxa7 41. Rxa7 Kd5 42. Rxb6 Kc5 43. Rc6+ Kxb5 44. Rc1 Kb6
45. Ra2 Kb5 46. Rb2+ Ka6 47. Ra1# {Black checkmated} 1-0

[Event "ICC tourney 3138 (40 10)"]
[Site "Internet Chess Club"]
[Date "2023.03.04"]
[Round "2"]
[White "John Francis Kennedy, Kevin Andrew:KevinAndrewJFK"]
[Black "WILSON, DARRYL J:Combo4U2"]
[Result "0-1"]
[ICCResult "White checkmated"]
[WhiteElo "970"]
[BlackElo "1252"]
[Opening "French defense"]
[ECO "C01"]
[NIC "FR.01"]
[Time "13:15:24"]
[PlyCount "68"]
[TimeControl "2400+10"]

1. e4 e6 2. d4 Ne7 3. Nc3 f6 4. Bd3 Ng6 5. Nf3 Be7 6. Be3 O-O 7. O-O d6 8.
Bc4 Kh8 9. h3 c6 10. Re1 d5 11. exd5 exd5 12. Bb3 Na6 13. a3 Nc7 14. Ne2 f5
15. Bd2 Bd6 16. Bg5 Qd7 17. Nh4 Nxh4 18. Bxh4 h6 19. c3 g5 20. Bg3 f4 21.
Bh2 Qf5 22. Bc2 Qf6 23. Qd3 Bf5 24. Qd2 Bxc2 25. Qxc2 Rae8 26. f3 Ne6 27.
Nc1 Ng7 28. Nb3 Nf5 29. Na5 Qg7 30. Nb3 Ne3 31. Qc1 h5 32. Kh1 g4 33. Bg1
gxf3 34. Bxe3 Qxg2# {White checkmated} 0-1

[Event "ICC tourney 3138 (40 10)"]
[Site "Internet Chess Club"]
[Date "2023.03.04"]
[Round "2"]
[White "GAW, CHRISTIAN:cman-g"]
[Black "Bolme, Thomas Bradley:ThomasBradley75"]
[Result "1-0"]
[ICCResult "Black resigns"]
[WhiteElo "992"]
[BlackElo "632"]
[Opening "Caro-Kann: exchange variation"]
[ECO "B13"]
[NIC "CK.02"]
[Time "13:15:20"]
[PlyCount "41"]
[TimeControl "2400+10"]

1. e4 c6 2. d4 d5 3. exd5 cxd5 4. Nf3 Nf6 5. Bd3 Nc6 6. Bb5 Qa5+ 7. Nc3 Bf5
8. Ne5 Rc8 9. Bxc6+ bxc6 10. O-O e6 11. Bd2 Bd6 12. Ne4 Qd8 13. Ba5 Qxa5 14.
Nxd6+ Kd8 15. Nexf7+ Ke7 16. Nxh8 Kxd6 17. Nf7+ Ke7 18. Ne5 g6 19. Nf3 h5
20. Ne5 Rh8 21. Nxc6+ {Black resigns} 1-0

[Event "ICC tourney 3138 (40 10)"]
[Site "Internet Chess Club"]
[Date "2023.03.04"]
[Round "2"]
[White "KRISHNAN, SHREYAS:K01-30058648"]
[Black "Wagner, Joe:Jwagner354"]
[Result "1-0"]
[ICCResult "Black resigns"]
[WhiteElo "1127"]
[BlackElo "926"]
[Opening "Pirc: classical (two knights) system"]
[ECO "B08"]
[NIC "PU.10"]
[Time "13:16:03"]
[PlyCount "57"]
[TimeControl "2400+10"]

1. e4 d6 2. d4 Nf6 3. Nc3 g6 4. Nf3 Bg7 5. Bc4 O-O 6. O-O Nc6 7. Re1 Bg4 8.
Be2 e5 9. d5 Ne7 10. h3 Bxf3 11. Bxf3 c6 12. Bg5 h6 13. Bxf6 Bxf6 14. Re3
Bg5 15. Rd3 f5 16. dxc6 Nxc6 17. Rxd6 Qe7 18. Rxg6+ Kh7 19. Rd6 Nd4 20. Rd5
a6 21. exf5 Nxf5 22. Rd7 Rad8 23. Rxe7+ Bxe7 24. Qe2 Nd4 25. Be4+ Nf5 26. g4
Kh8 27. Bxf5 Bg5 28. Qxe5+ Bf6 29. Qc7 {Black resigns} 1-0

[Event "ICC tourney 3138 (40 10)"]
[Site "Internet Chess Club"]
[Date "2023.03.04"]
[Round "2"]
[White "Krishnan, Ashvath:ashvathk5"]
[Black "Raczko, Olivia:olivia1407"]
[Result "1-0"]
[ICCResult "Black checkmated"]
[WhiteElo "1393"]
[BlackElo "649"]
[Opening "Sicilian, Chekhover variation"]
[ECO "B53"]
[NIC "SI.02"]
[Time "13:15:24"]
[PlyCount "83"]
[TimeControl "2400+10"]

1. e4 c5 2. Nf3 d6 3. d4 cxd4 4. Qxd4 Nc6 5. Qe3 Nf6 6. Be2 e5 7. h3 Be6 8.
c4 Qa5+ 9. Bd2 Qc7 10. O-O Be7 11. Nc3 O-O 12. Nd5 Qd7 13. Nxe7+ Qxe7 14.
Rfd1 Rad8 15. Bc3 Qc7 16. Rd2 Rd7 17. Rad1 Rfd8 18. b3 b6 19. Nh2 Qb7 20.
Nf1 Ne7 21. Ng3 Nc6 22. f4 exf4 23. Qxf4 Ne8 24. Bg4 Bxg4 25. Qxg4 Qc7 26.
Nh5 f6 27. Bxf6 Nxf6 28. Nxf6+ Kh8 29. Nxd7 Rxd7 30. Qf4 Qd8 31. Rxd6 Rxd6
32. Rxd6 Qc8 33. Rxc6 Qe8 34. Qf5 h6 35. Rc8 Qxc8 36. Qxc8+ Kh7 37. e5 Kg6
38. e6 Kg5 39. e7 Kf4 40. e8=Q Kg5 41. Qg4+ Kf6 42. Qee6# {Black checkmated}
1-0

[Event "ICC tourney 3138 (40 10)"]
[Site "Internet Chess Club"]
[Date "2023.03.04"]
[Round "2"]
[White "KINKUS, SAM E:Grandslam34"]
[Black "SIMO, AARON L:WhereBklnAt"]
[Result "0-1"]
[ICCResult "White resigns"]
[WhiteElo "744"]
[BlackElo "1496"]
[Opening "Sicilian defense"]
[ECO "B40"]
[NIC "SI.43"]
[Time "13:15:26"]
[PlyCount "52"]
[TimeControl "2400+10"]

1. e4 c5 2. Nf3 e6 3. d3 Qc7 4. g3 Nf6 5. Bg2 Be7 6. Nbd2 Nc6 7. c3 O-O 8.
O-O d5 9. Re1 dxe4 10. Nxe4 Rd8 11. Bg5 Nxe4 12. Bxe7 Nxe7 13. Rxe4 b6 14.
Re3 Bb7 15. Nh4 Bxg2 16. Nxg2 Nf5 17. Rf3 Rd7 18. g4 Ne7 19. Qe2 Rad8 20.
Rd1 Ng6 21. Qe4 Qe5 22. Qxe5 Nxe5 23. Rg3 Nxd3 24. Rd2 Nc1 25. Rxd7 Ne2+ 26.
Kf1 Nxg3+ {White resigns} 0-1

[Event "ICC tourney 3138 (40 10)"]
[Site "Internet Chess Club"]
[Date "2023.03.04"]
[Round "2"]
[White "GARROW, JOSHUA:jgarrow4924"]
[Black "STINSON, RUSSELL:rcstinson"]
[Result "1-0"]
[ICCResult "Black resigns"]
[WhiteElo "1079"]
[BlackElo "1362"]
[Opening "Sicilian: Smith-Morra gambit"]
[ECO "B21"]
[NIC "SI.48"]
[Time "13:15:20"]
[PlyCount "135"]
[TimeControl "2400+10"]

1. e4 c5 2. d4 cxd4 3. c3 d3 4. Nf3 d5 5. exd5 Qxd5 6. Qxd3 Qxd3 7. Bxd3 Bg4
8. Ne5 Nf6 9. Bg5 Bd7 10. Bxf6 exf6 11. Nxd7 Nxd7 12. Bb5 a6 13. Bxd7+ Kxd7
14. O-O Bd6 15. Nd2 Rhe8 16. Rad1 Kc7 17. Nc4 Bc5 18. Rd5 Ba7 19. Rfd1 Rad8
20. Nd6 Rf8 21. Kf1 Kc6 22. c4 Bb8 23. Nf5 Rxd5 24. cxd5+ Kc5 25. Nxg7 Rd8
26. Rc1+ Kd4 27. Nf5+ Ke5 28. Ne3 Rd7 29. Rc8 Ba7 30. Ng4+ Kf5 31. Ne3+ Bxe3
32. fxe3 Rxd5 33. Rc7 Rb5 34. b3 Ke6 35. Rc4 Rd5 36. Ke2 Ra5 37. a4 b5 38.
Rc5 Kd6 39. Rh5 Kc6 40. Rxh7 bxa4 41. bxa4 Rxa4 42. Rxf7 Ra2+ 43. Kf3 a5 44.
Rxf6+ Kb5 45. h4 Ra1 46. Rf5+ Kb4 47. h5 Rh1 48. g4 a4 49. Rf4+ Kb3 50. Kg2
Rh4 51. Kg3 Rh1 52. Rf6 a3 53. Rb6+ Kc2 54. Ra6 Kb2 55. h6 Rg1+ 56. Kf4 Rf1+
57. Kg5 a2 58. h7 Rh1 59. Rh6 a1=Q 60. h8=Q+ Kc2 61. Rxh1 Qa5+ 62. Kf4 Qb4+
63. Qd4 Qf8+ 64. Kg3 Qb8+ 65. Kf3 Qf8+ 66. Qf4 Qd8 67. Qc4+ Kb2 68. Rh2+
{Black resigns}
1-0

[Event "ICC tourney 3138 (40 10)"]
[Site "Internet Chess Club"]
[Date "2023.03.04"]
[Round "2"]
[White "JAIN, ISHAAN:ishaanj"]
[Black "Yan, Rayna:K01-30157975"]
[Result "0-1"]
[ICCResult "White checkmated"]
[WhiteElo "903"]
[BlackElo "1032"]
[Opening "Giuoco Pianissimo"]
[ECO "C50"]
[NIC "IG.02"]
[Time "13:15:28"]
[PlyCount "130"]
[TimeControl "2400+10"]

1. e4 e5 2. Nf3 Nc6 3. Bc4 Bc5 4. d3 Nf6 5. Bg5 O-O 6. c3 h6 7. Bh4 d6 8. d4
exd4 9. cxd4 Bb4+ 10. Nc3 Re8 11. O-O Bxc3 12. bxc3 Rxe4 13. Bd3 Re8 14. Qc2
Bg4 15. Nd2 d5 16. Rfe1 Qd6 17. Bg3 Qd7 18. Nb3 b6 19. a4 Re7 20. a5 Rae8
21. Rxe7 Rxe7 22. f3 Bh5 23. Bh4 Qe8 24. Bb5 Bg6 25. Qd2 Re6 26. axb6 axb6
27. c4 Qd7 28. Bxf6 Rxf6 29. c5 Re6 30. cxb6 cxb6 31. Qa2 Kh7 32. Rc1 Qb7
33. Bxc6 Rxc6 34. Rxc6 Qxc6 35. Qb2 Qc2 36. Qxc2 Bxc2 37. Na1 Bd3 38. Nb3 b5
39. Kf2 b4 40. Ke3 Bc4 41. Nd2 b3 42. Nxb3 Bxb3 43. Kf4 Kg6 44. g3 Kf6 45.
Ke3 Ke6 46. f4 Kd6 47. Kd3 Kc6 48. Kc3 Bc4 49. h4 Kb5 50. g4 Be2 51. g5 hxg5
52. fxg5 Bh5 53. Kd3 f5 54. Ke3 Kc4 55. Kf4 Kxd4 56. Kxf5 g6+ 57. Kf4 Kc3
58. Ke3 d4+ 59. Ke4 d3 60. Ke5 d2 61. Kf6 d1=Q 62. Kg7 Qd7+ 63. Kh6 Qe6 64.
Kg7 Qe5+ 65. Kh6 Qh8# {White checkmated} 0-1

[Event "ICC tourney 3138 (40 10)"]
[Site "Internet Chess Club"]
[Date "2023.03.04"]
[Round "2"]
[White "BLACK, JACOB L:YashaLB"]
[Black "ENGTRO, GEIR:Gengeng"]
[Result "1-0"]
[ICCResult "Black checkmated"]
[WhiteElo "1019"]
[BlackElo "894"]
[Opening "Sicilian: Alapin's variation (2.c3)"]
[ECO "B22"]
[NIC "SI.46"]
[Time "13:15:38"]
[PlyCount "117"]
[TimeControl "2400+10"]

1. e4 c5 2. c3 e5 3. Nf3 Nc6 4. Bc4 Nf6 5. Ng5 d5 6. exd5 Nxd5 7. Bxd5 Qxd5
8. Qf3 Be6 9. Nxe6 Qxe6 10. O-O Be7 11. Na3 a6 12. d3 O-O 13. Re1 Qf6 14.
Qg3 Rfe8 15. Nc4 Bf8 16. Bg5 Qg6 17. Bh4 Re6 18. Qxg6 fxg6 19. Bg3 Rae8 20.
f3 b5 21. Nd2 Rd8 22. Ne4 Rxd3 23. Nf2 Rd2 24. Rab1 h5 25. f4 Bd6 26. Ne4
Rd3 27. Nxd6 Rdxd6 28. fxe5 Rd5 29. Rbd1 Rd8 30. Rxd8+ Nxd8 31. Kf2 g5 32.
h3 Kf7 33. Bh2 Kg6 34. g4 h4 35. Kf3 Nc6 36. Ke4 c4 37. Rd1 Kf7 38. Rd6 a5
39. Kd5 Rxd6+ 40. exd6 Nd8 41. Kc5 Ke6 42. Kxb5 Nb7 43. Kxc4 Nxd6+ 44. Bxd6
Kxd6 45. Kd4 Ke6 46. c4 g6 47. c5 Kd7 48. a3 a4 49. Kd5 Kc7 50. c6 Kd8 51.
Kd6 Kc8 52. c7 Kb7 53. Kd7 Kb6 54. c8=Q Kb5 55. Kd6 Kb6 56. Qc5+ Ka6 57. Qb4
Ka7 58. Kc7 Ka6 59. Qb6# {Black checkmated} 1-0

[Event "ICC tourney 3138 (40 10)"]
[Site "Internet Chess Club"]
[Date "2023.03.04"]
[Round "2"]
[White "ANGEL, BORYS:BArkadia"]
[Black "Sprague, David J:psychopathetiq"]
[Result "1-0"]
[ICCResult "Black checkmated"]
[WhiteElo "1399"]
[BlackElo "1131"]
[Opening "Pirc: Austrian attack, dragon formation"]
[ECO "B09"]
[NIC "PU.05"]
[Time "13:15:21"]
[PlyCount "69"]
[TimeControl "2400+10"]

1. e4 d6 2. d4 Nf6 3. Nc3 g6 4. f4 Bg7 5. Nf3 c5 6. dxc5 Qa5 7. Bd3 Qxc5 8.
h3 Nc6 9. Bd2 O-O 10. Qe2 a6 11. Na4 Nd4 12. Nxd4 Qxd4 13. Nc3 e5 14. O-O-O
exf4 15. Bxf4 Nh5 16. Bh2 Re8 17. Bc4 Qc5 18. Bxd6 Qg5+ 19. Kb1 b5 20. Bd5
Ra7 21. Qf2 Be6 22. Qxa7 Bxd5 23. Nxd5 Qxg2 24. Rhf1 f6 25. e5 Qe2 26. exf6
Nxf6 27. Nxf6+ Bxf6 28. Qf2 Qxf2 29. Rxf2 Rd8 30. Rxf6 Kg7 31. Rdf1 Rd7 32.
Bf8+ Kg8 33. Bh6 Rd8 34. Rf8+ Rxf8 35. Rxf8# {Black checkmated} 1-0

[Event "ICC tourney 3138 (40 10)"]
[Site "Internet Chess Club"]
[Date "2023.03.04"]
[Round "2"]
[White "Ledas, Armandas:ArmandasLedas"]
[Black "ASKEW, GEORGE:BlueStorm"]
[Result "1-0"]
[ICCResult "Black checkmated"]
[WhiteElo "1479"]
[BlackElo "1322"]
[Opening "Caro-Kann: Tartakower (fantasy) variation"]
[ECO "B12"]
[NIC "CK.02"]
[Time "13:15:21"]
[PlyCount "97"]
[TimeControl "2400+10"]

1. e4 c6 2. d4 d5 3. f3 dxe4 4. fxe4 Nf6 5. e5 Nd5 6. c4 Nb6 7. Nf3 Bg4 8.
Be3 e6 9. Nc3 N8d7 10. h3 Bh5 11. g4 Bg6 12. Bd3 Be7 13. h4 Qc7 14. Bf4
O-O-O 15. h5 Bxd3 16. Qxd3 Bb4 17. O-O-O h6 18. a3 Nc5 19. Qc2 Bxc3 20. Qxc3
Ncd7 21. b4 Na4 22. Qc2 b5 23. c5 a5 24. bxa5 Qxa5 25. Bd2 Qa6 26. Bb4 Qb7
27. Nd2 Nb8 28. Ne4 Qc7 29. Nd6+ Rxd6 30. cxd6 Qd8 31. Rhf1 Qe8 32. Qf2 Nd7
33. Qxf7 Qxf7 34. Rxf7 Nab6 35. Rdf1 Kb7 36. Rxg7 Ka6 37. Rff7 Rf8 38. Rxf8
Nxf8 39. Bc5 Nfd7 40. Bxb6 Nxb6 41. g5 hxg5 42. h6 Nc4 43. h7 Nxa3 44. h8=Q
Ka5 45. Ra7+ Kb4 46. d7 Nc4 47. Qf8+ Kc3 48. Qc5 g4 49. Ra3# {Black
checkmated} 1-0